 Dungeon Crawl Stone Soup version 0.27-a0-1321-gd358eaa319 (webtiles) character file.

Game seed: 7983965981225423845

82 Delamore the Skirmisher (level 4, -11/37 HPs)
             Began as a Formicid Fighter on June 22, 2021.
             Mangled by Crazy Yiuf (14 damage)
             ... on level 2 of the Dungeon.
             The game lasted 00:01:51 (2133 turns).

Delamore the Skirmisher (Formicid Fighter)          Turns: 2133, Time: 00:01:52

Health: -11/37     AC:  8    Str: 21    XL:     4   Next: 70%
Magic:  4/4        EV:  8    Int:  8    God:
Gold:   47         SH:  9    Dex: 10    Spells: 3/3 levels left

rFire    . . .     SeeInvis +   a - +0 trident
rCold    . . .     Faith    .   c - +0 kite shield
rNeg     . . .     Spirit   .   b - +0 scale mail
rPois    .         Reflect  .   (helmet unavailable)
rElec    .         Harm     .   (no cloak)
rCorr    .         Rampage  .   i - +0 pair of gloves
Will     .....                  (no boots)
Stlth    ..........             g - amulet of regeneration
HPRegen  1.12/turn              (no ring)
MPRegen  0.09/turn              (no ring)

@: no status effects
A: permanent stasis, dig shafts and tunnels, antennae 3, four strong arms
a: Dig, Shaft Self


You were on level 2 of the Dungeon.
You visited 1 branch of the dungeon, and saw 2 of its levels.

You collected 47 gold pieces.

Inventory:

Hand Weapons
 a - a +0 trident (weapon)
Missiles
 f - 2 javelins
Armour
 b - a +0 scale mail (worn)
 c - a +0 kite shield (worn)
 i - a +0 pair of gloves (worn)
Jewellery
 g - an amulet of regeneration (around neck)
Scrolls
 e - a scroll of magic mapping
 k - a scroll of holy word {unknown}
Potions
 d - 2 potions of might
 h - a potion of flight
 j - a potion of ambrosia


   Skills:
 + Level 4.1 Fighting
 * Level 3.9 Polearms
 - Level 3.2 Armour
 - Level 3.6 Shields


You had 3 spell levels left.
You didn't know any spells.
Your spell library was empty.

Dungeon Overview and Level Annotations

Branches:
Dungeon (2/15)

Altars:

Shops:
D:2 =

Annotations:
D:2 Crazy Yiuf


Innate Abilities, Weirdness & Mutations

You cannot be hasted, slowed, berserked, paralysed or teleported.
You can dig through walls and to a lower floor.
You have a pair of large antennae on your head. (SInv)
Your four strong arms can wield two-handed weapons with a shield.


Message History

No target in view!
No target in view!
Search for what [? for help]? thr
There is an open door here.
You open the door.
There is an open door here.
Found a stone staircase leading up.
You see here a +0 club.
k - a scroll labelled SAHEDU ATHYLLAXTY You see here a +0 short sword.
You see here 21 sling bullets.
As you open the door, it creaks loudly!
There is an open door here.
You see here a +0 mace.
Found seven maces.
Found a runed translucent door.
You see here a +0 mace.
Crazy Yiuf shouts!
Found a mace.
You see here a +0 mace.
You see here a +0 mace.
Found three maces.
You see here a +0 mace.
Failed to move towards target.
You open the door. You puncture Crazy Yiuf!
Crazy Yiuf is moderately wounded.
Crazy Yiuf hits you with a +2 quarterstaff of chaos.
You are electrocuted!
You hit Crazy Yiuf.
Crazy Yiuf is heavily wounded.
You block Crazy Yiuf's attack.
Crazy Yiuf hits you with a +2 quarterstaff of chaos.
Space warps horribly around you!
* * * LOW HITPOINT WARNING * * *
You hit Crazy Yiuf.
Crazy Yiuf is severely wounded.
Crazy Yiuf hits you with a +2 quarterstaff of chaos.
* * * LOW HITPOINT WARNING * * *
You are electrocuted!
You die...

#################
#...............##
#.#############... ### ##########
######### #......... #.......#
#......#.. #.#....###♣♣ ###
#......#.# ...........♣♣ ♣♣#)))#
#........+ #.#.........♣♣♣♣@g)).#
#......#.# #.#####.....)♣))♣#)))#
#......#.# #.######...)♣)♣♣♣ ###
######.#.# ........##♣♣♣♣♣
#...##.#.# .....∩..# #...'.....
#.#.....# ### ### #####...##.#..
#.#.#######.# #.###.......##.#..
#.#......<#.####.....)).......#..
#.#########.#<......#)...........


You could see Crazy Yiuf.

Vanquished Creatures
  Robin (D:2)
  An adder (D:2)
  A worm (D:2)
  2 dart slugs (D:1)
  4 ball pythons
  2 endoplasms
  2 giant cockroaches (D:1)
  11 goblins
  9 hobgoblins
  5 jackals (D:1)
  A quokka (D:1)
  3 bats
  2 frilled lizards (D:2)
  3 kobolds (D:2)
  5 rats
52 creatures vanquished.

Notes
Turn   | Place    | Note
-------+----------+-------------------------------------------
     0 | D:1      | Delamore the Formicid Fighter began the quest for the Orb.
     0 | D:1      | Reached XP level 1. HP: 18/18 MP: 1/1
   192 | D:1      | Reached XP level 2. HP: 23/24 MP: 2/2
   260 | D:1      | Found a faded altar of an unknown god.
   565 | D:1      | Reached XP level 3. HP: 15/30 MP: 3/3
  1026 | D:2      | Found Ora Zoka Asy's Jewellery Boutique.
  1417 | D:2      | Noticed Robin
  1423 | D:2      | Reached XP level 4. HP: 29/37 MP: 4/4
  1435 | D:2      | Reached skill level 4 in Fighting
  1464 | D:2      | Killed Robin
  2126 | D:2      | Found a runed translucent door.
  2127 | D:2      | Noticed Crazy Yiuf
  2133 | D:2      | Mangled by Crazy Yiuf

Illustrated notes

Levels and vault maps discovered:
D:1:      dpeg_arrival_water_temple_mockup, layout_loops_ring,
          hellmonk_ecumenical_altar_pennies_from_heaven
D:2:      layout_basic, serial_shops, shop, minmay_cut_off, uniq_robin,
          uniq_crazy_yiuf_cottage

Skill      XL: |  1  2  3  4 |
---------------+-------------+-----
Polearms       | 3 |  3.9
Fighting       | 4 |  4.1
Armour         | |  3.2
Shields        | |  3.6

Action                   |  1- 3 |  4- 6 || total
-------------------------+-------+-------++-------
Melee: Trident           |   133 |    42 ||   175
 Abil: Dig               |       |     1 ||     1
  Use: Scroll            |     3 |     3 ||     6
Armor: Scale mail        |    80 |    13 ||    93
Dodge: Dodged            |    59 |     5 ||    64
Block: Kite shield       |    88 |    18 ||   106

Table legend: (Time is in decaauts)
 A = Elapsed time spent in this place.
 B = Non-inter-level travel time spent in this place.
 C = Inter-level travel time spent in this place.
 D = Time resting spent in this place.
 E = Time spent auto-exploring this place.
 F = Levels seen in this place.
 G = Mean time per level.
                   A        B        C        D        E       F      G
               +--------+--------+--------+--------+--------+-----+--------+
         Total |   2204 |   2190 |     14 |    316 |   1441 |   2 | 1102.0 |
       Dungeon |   2204 |   2190 |     14 |    316 |   1441 |   2 | 1102.0 |
               +--------+--------+--------+--------+--------+-----+--------+

Top non-repeatable levels by time:
     D:2: 1148 daAuts
     D:1: 1055 daAuts
